 Dungeon Crawl Stone Soup version 0.24.1 (webtiles) character file.

Game seed: 11884732307227698910, levelgen mode: deterministic

135 Kahsius the Ruffian (level 4, 0/45 HPs)
             Began as a Troll Berserker on Jan 12, 2020.
             Was a Priest of Trog.
             Slain by a kobold
             ... wielding a +2 whip of draining
              (5 damage)
             ... on level 3 of the Dungeon on Mar 24, 2020.
             The game lasted 00:12:50 (2016 turns).

Kahsius the Ruffian (Troll Berserker)               Turns: 2016, Time: 00:12:51

Health: 0/45       AC:  6    Str: 25    XL:     4   Next: 96%
Magic:  3/3        EV:  9    Int:  3    God:    Trog [***...]
Gold:   100        SH:  0    Dex: 10    Spells: 3/3 levels left

rFire    . . .     SeeInvis .     - Unarmed
rCold    . . .     Gourm    +   (no shield)
rNeg     . . .     Faith    .   a - +0 animal skin
rPois    .         Spirit   .   (helmet restricted)
rElec    .         Reflect  .   (no cloak)
rCorr    .         Harm     .   (gloves unavailable)
MR       .....                  (boots unavailable)
Stlth    +.........             (no amulet)
HPRegen  0.55/turn              (no ring)
MPRegen  0.08/turn              (no ring)

@: very heavily drained
A: large, unfitting armour, claws 3, fast metabolism 3, gourmand, regeneration
1, shaggy fur 1, tough skin 3
a: Berserk, Trog's Hand, Renounce Religion


You were on level 3 of the Dungeon.
You worshipped Trog.
Trog was most pleased with you.
You were completely stuffed.

You visited 1 branch of the dungeon, and saw 3 of its levels.

You collected 100 gold pieces.

Inventory:

Armour
 a - a +0 animal skin (worn)
Jewellery
 d - a cursed ring of see invisible {unknown}
 h - a cursed ring of teleportation {unknown}
 l - an uncursed amulet of the gourmand {unknown}
Wands
 o - a wand of random effects (16)
Scrolls
 c - 2 scrolls of fear
 g - a scroll of enchant weapon {unknown}
 i - 4 scrolls of identify {unknown}
 k - 3 scrolls of immolation {unknown}
 m - 2 scrolls of magic mapping {unknown}
Potions
 f - a potion of brilliance {unknown}
 j - a potion of cancellation {unknown}
 n - a potion of flight {unknown}
 p - a potion of agility {unknown}
 q - a potion of curing {unknown}
Comestibles
 b - 9 rations


   Skills:
 + Level 3.0(0.0) Fighting
 + Level 3.2(0.0) Dodging
 + Level 4.4(1.1) Unarmed Combat


You had 3 spell levels left.
You didn't know any spells.
Your spell library was empty.

Dungeon Overview and Level Annotations

Branches:
Dungeon (3/15)

Altars:


Innate Abilities, Weirdness & Mutations

You are too large for most types of armour.
You have claws for hands.
Your metabolism is lightning-fast.
You like to eat raw meat.
Your natural rate of healing is unusually fast.
You are covered in fur. (AC +1)
You have extremely tough skin. (AC +3)


Message History

The orc barely misses you.
The hobgoblin hits you but does no damage.
The kobold hits you but does no damage.
You feel drained. The orc hits you with a +0 club.
* * * LOW HITPOINT WARNING * * *
The hobgoblin barely misses you. The kobold barely misses you.
An orc wizard appears from thin air!
Reactivating autopickup.
The orc hits you with a +0 club.
* * * LOW HITPOINT WARNING * * *
The hobgoblin barely misses you. The kobold hits you but does no damage.
You feel drained. The orc barely misses you.
The hobgoblin hits you but does no damage.
The kobold hits you with a +2 whip of draining.
* * * LOW HITPOINT WARNING * * *
You feel drained. The orc barely misses you.
The hobgoblin completely misses you.
The kobold hits you with a +2 whip of draining.
You die...

#. #. #.# #. .###.##.#
#. .......# ##.##
#.....####...###
..........#...#
#...##.......#
#Kg##.......##
#@#..§...#.§#
#.#o##o#§.....o..######
#o...ooo.§...§..{§.<.l.
###....l.....o..l######
####...(.#.#...#
#.......#...#
#.....####..# ##...##
#..# ##.## #..#


You could see an orc wizard, 3 orcs, a hobgoblin, a kobold and a frilled lizard.

Vanquished Creatures
  6 adders (D:2)
  A worm (D:2)
  2 dart slugs (D:1)
  2 leopard geckos (D:2)
  2 ball pythons
  2 giant cockroaches
  9 goblins
  6 hobgoblins
  14 kobolds
  10 bats
  7 frilled lizards
  12 rats
73 creatures vanquished.

Notes
Turn   | Place    | Note
-------+----------+-------------------------------------------
     0 | D:1      | Kahsius the Troll Berserker began the quest for the Orb.
     0 | D:1      | Reached XP level 1. HP: 22/22 MP: 0/0
   164 | D:1      | Reached XP level 2. HP: 29/29 MP: 1/1
   520 | D:1      | You fall into a shaft and drop 1 floor!
   528 | D:2      | Reached ** piety under Trog
   528 | D:2      | Reached XP level 3. HP: 36/36 MP: 2/2
   698 | D:2      | Reached XP level 4. HP: 44/45 MP: 3/3
   806 | D:2      | Reached skill level 4 in Unarmed Combat
  1909 | D:2      | Upgraded the game from 0.24.0-123-gd5b16e6ec5 to
                  | 0.24.0-125-gc4c63601f3
  1953 | D:3      | Reached *** piety under Trog
  1976 | D:3      | Upgraded the game from 0.24.0-125-gc4c63601f3 to 0.24.1
  2016 | D:3      | Slain by a kobold

Levels and vault maps discovered:
D:1:      ncdulo_smallfort, layout_basic, minmay_misc_feat_rows
D:2:      layout_loops_ring
D:3:      cheibrodos_old_hovel, layout_loops_ring

Skill      XL: |  1  2  3  4 |
---------------+-------------+-----
Fighting       | 3 |  3.0
Dodging        | 3 |  3.2
Unarmed Combat | 4 |  4.4

Action                   |  1- 3 |  4- 6 || total
-------------------------+-------+-------++-------
Melee: Unarmed           |    82 |    84 ||   166
       Punch             |     1 |       ||     1
Invok: Berserk           |     1 |       ||     1
  Use: Scroll            |       |     2 ||     2
  Eat: Chunk             |    13 |    12 ||    25
Armor: Animal skin       |    21 |    63 ||    84
Dodge: Dodged            |    30 |    78 ||   108
